AoeStats
← huawa

Nomad

503154363Analyzed
1v1 RM · 1mo ago on Aug 30, 2026· 48m 12s· 2 players
Game mode
Random Map
Map size
126×126
Population
200
Speed
Normal
Resources
Standard
Victory
Conquest
Starting age
Dark Age
Ending age
Imperial Age
RankedLock teamsTeams togetherTeam positionsShared explorationLock speedFull tech treeHidden civsTurbo modeCheats
Victory
Defeat
🇮🇳 Koreans · India
1557
+15
🇦🇹 Portuguese · Austria
1526
-15
huawa
10:36 Loom
12:45 Feudal Age
16:34 Castle Age
18:13 Town Watch
18:53 Double-Bit Axe
20:21 Wheelbarrow
20:02 Bow Saw
22:11 Horse Collar
25:06 Gold Mining
30:49 Imperial Age
29:47 Redemption
31:08 Masonry
32:43 Chemistry
31:54 Stone Mining
38:06 Scale Barding Armor
38:36 Forging
40:50 Fletching
41:29 Husbandry
41:39 Bloodlines
43:01 Architecture
42:27 Bodkin Arrow
46:42 Sanctity
46:38 Block Printing
Lagger (-_-)'
3:04 Loom
12:55 Feudal Age
17:33 Castle Age
17:07 Fletching
17:39 Stone Mining
18:15 Double-Bit Axe
19:57 Bow Saw
21:15 Horse Collar
22:17 Town Watch
23:31 Wheelbarrow
30:14 Imperial Age
28:41 Horse Collar
29:26 Town Patrol
32:10 Chemistry
31:24 Bodkin Arrow
32:02 Capped Ram
34:13 Murder Holes
36:16 Eupseong
37:04 Bracer
37:51 Arrowslits
39:13 Pikeman
39:54 Squires
40:36 Conscription
42:22 Ballistics
43:04 Heavy Plow
43:09 Scale Mail Armor
45:51 Halberdier
48:13 Masonry
Connection lost

Rejoining the realm…

Still unreachable

The connection could not be restored.

Session expired

The server has moved on; the page needs a fresh start.